 Dungeon Crawl Stone Soup version 0.21-a0-437-ge5bf024 (webtiles) character file.

488 Ijustatesigmund the Sneak (level 7, -4/46 HPs)
             Began as an Octopode Enchanter on Nov 9, 2017.
             Slain by an orc wizard
             ... wielding a +0 dagger of venom
              (5 damage)
             ... on level 4 of the Dungeon.
             The game lasted 00:12:43 (4244 turns).

Ijustatesigmund the Sneak (Octopode Enchanter)      Turns: 4244, Time: 00:12:44

Health: -4/46      AC:  1    Str:  9 (12) XL:     7   Next: 13%
Magic:  3/10       EV: 15    Int: 22 (23) God:
Gold:   148        SH:  0    Dex: 13 (14) Spells: 4/10 levels left

rFire    . . .     SeeInvis .   a - +0 dagger (vamp)
rCold    . . .     Gourm    .   (no shield)
rNeg     . . .     Faith    .   (helmet restricted)
rPois    .         Spirit   .   (no amulet)
rElec    .         Reflect  .   f - +5 ring of intelligence
rCorr    .         Harm     .   l - ring of stealth
MR       .....                  (no ring)
Stlth    +++++.....             (no ring)
HPRegen  0.15/turn              (no ring)
MPRegen  0.12/turn              (no ring)
                                (no ring)
                                (no ring)

@: mighty, lethally poisoned (-4 -> -19)
A: almost no armour, stealthy swim, amphibious, 8 rings, constrict 8, camouflage
1, gelatinous body 1
a: no special abilities


You were on level 4 of the Dungeon.
You were hungry.

You visited 1 branch of the dungeon, and saw 4 of its levels.

You collected 148 gold pieces.

Inventory:

Hand Weapons
 a - a +0 vampiric dagger (weapon)
Jewellery
 f - a +5 ring of intelligence (left tentacle)
 l - a ring of stealth (right tentacle)
Wands
 g - a wand of clouds (1/9)
 t - a wand of flame (26/48)
Scrolls
 k - 4 scrolls of magic mapping
 o - a scroll of teleportation
 q - a scroll of fear {unknown}
 u - a scroll of immolation {unknown}
Potions
 d - 2 potions of flight
 e - a potion of agility
 h - 2 potions of haste
Books
 b - a book of Maledictions

   Spells                             Type                      Level
   a - Corona                         Hexes                        1
   b - Ensorcelled Hibernation        Hexes/Ice                    2
   c - Confuse                        Hexes                        3
   d - Tukima's Dance                 Hexes                        3
   e - Dazzling Spray                 Conjuration/Hexes            3
Comestibles
 c - 3 bread rations
 i - 2 royal jellies
 r - a chunk of flesh
 s - a meat ration


   Skills:
 - Level 3.2 Fighting
 - Level 3.1 Short Blades
 + Level 3.8 Dodging
 + Level 6.2 Stealth
 - Level 2.0 Spellcasting
 - Level 3.0 Hexes
 - Level 2.4 Ice Magic


You had 4 spell levels left.
You knew the following spells:

 Your Spells              Type           Power        Failure   Level  Hunger
a - Corona                Hex            ###....      4%          1    #......
b - Ensorcelled Hibernat  Hex/Ice        ##....       7%          2    ##.....
c - Dazzling Spray        Conj/Hex       #.....       22%         3    ###....


Dungeon Overview and Level Annotations

Branches:
Dungeon (4/15)
 Temple: D:4-7

Altars:

Annotations:
D:3 yrara's ghost, amateur DsGl


Innate Abilities, Weirdness & Mutations

You cannot wear most types of armour.
You are very stealthy in the water. (Stealth+)
You are amphibious.
You can wear up to eight rings at the same time.
You can use your tentacles to constrict eight enemies at once.
Your skin changes colour to match your surroundings (Stealth+).
Your rubbery body absorbs attacks. (AC +1, EV +1)


Message History

* * * LOW HITPOINT WARNING * * *
Evoke which item? (* to show all) (? for menu, Esc to quit)
Aiming: Cloud Cone (will waste charges)
Press: ? - help, Dir - move target cursor, f/p - orc wizard
Aim: an orc wizard, wielding a dagger of venom and wearing a robe (moderately wounded, constricted by you, fast)
You create a blast of noxious fumes!
Evoking this partially-identified wand wasted a few charges.
You constrict the orc wizard.
* * * LOW HITPOINT WARNING * * *
You feel sick.
The orc wizard is no longer moving quickly.
The orc wizard is engulfed in noxious fumes.
The orc wizard appears confused.
The orc wizard closely misses you.
The orc is engulfed in noxious fumes.
The orc appears confused.
The orc barely misses the orc.
The orc is engulfed in noxious fumes.
The orc appears confused.
The orc wizard is engulfed in noxious fumes.
The orc wizard appears confused.
The orc wizard hits you with a dagger of venom.
You die...

#.......# #....# .
#.####..# #.>).#####..#
#.#...(.# ##..........#
#.#.###.# #.#######...#
#.......# ##.## .
###..#### ####...#
####...#########......###
+.........[.....<.......+
####...#########@#...####
##..# #o##.## ##.# #o####
#.# #§# #.# #o# # #.#
#.## .# #.# #.#)#########
.# #.# #.###........#
#.## #.# ##
#.#.#...†.##...##


You could see an orc wizard (confused) and 2 orcs.

Vanquished Creatures
  Sigmund (D:2)
  A hound (D:3)
  An orc priest (D:3)
  Crazy Yiuf (D:3)
  Jessica (D:3)
  Terence (D:2)
  2 worker ants
  4 adders
  An ooze (D:2)
  An adder skeleton (D:4)
  3 worms
  3 dart slugs
  A leopard gecko (D:2)
  7 orcs
  2 ball pythons
  4 giant cockroaches
  8 hobgoblins
  2 jackals (D:2)
  9 kobolds
  A quokka (D:4)
  13 bats
  6 frilled lizards
  9 goblins
  A jackal skeleton (D:4)
  A quokka skeleton (D:4)
  8 rats
  A fungus (D:3)
93 creatures vanquished.

Notes
Turn   | Place    | Note
-------+----------+-------------------------------------------
     0 | D:1      | Ijustatesigmund the Octopode Enchanter began the quest for the Orb.
     0 | D:1      | Reached XP level 1. HP: 11/11 MP: 3/3
   157 | D:1      | Reached skill level 1 in Fighting
   180 | D:1      | Reached XP level 2. HP: 18/18 MP: 5/5
   214 | D:1      | Learned a level 2 spell: Ensorcelled Hibernation
  1136 | D:2      | Reached XP level 3. HP: 24/24 MP: 6/6
  1189 | D:2      | Noticed Sigmund
  1209 | D:2      | Killed Sigmund
  1209 | D:2      | Reached XP level 4. HP: 11/31 MP: 2/7
  1209 | D:2      | Reached XP level 5. HP: 13/36 MP: 2/8
  1493 | D:2      | Noticed Terence
  1496 | D:2      | Killed Terence
  1496 | D:2      | Reached XP level 6. HP: 42/42 MP: 9/9
  2211 | D:3      | Noticed Jessica
  2218 | D:3      | Killed Jessica
  2218 | D:3      | Reached skill level 5 in Stealth
  2610 | D:3      | Found a runed door.
  2614 | D:3      | Noticed Crazy Yiuf
  2618 | D:3      | Killed Crazy Yiuf
  2879 | D:3      | Noticed yrara's ghost (amateur DsGl)
  2963 | D:4      | Learned a level 3 spell: Dazzling Spray
  3819 | D:3      | Reached skill level 6 in Stealth
  3819 | D:3      | Reached XP level 7. HP: 46/46 MP: 10/10
  4243 | D:4      | HP: 2/46 [orc wizard/dagger of venom (2)]
  4244 | D:4      | Slain by an orc wizard

Vault maps used:
D:1:      elethiomel_arrival_quiet, grunt_decor_one_mirror
D:2:      first_bread, uniq_sigmund, uniq_terence
D:3:      uniq_crazy_yiuf_cottage, uniq_jessica
D:4:      grunt_temple_overflow_magic_moments

Skill      XL: |  1  2  3  4  5  6 |
---------------+-------------------+-----
Fighting       | 1 3 |  3.2
Short Blades   | 3 |  3.1
Ice Magic      | 2 |  2.4
Stealth        | 6 |  6.2
Dodging        | 3 |  3.8
Spellcasting   | |  2.0
Hexes          | |  3.0

Action                   |  1- 3 |  4- 6 |  7- 9 || total
-------------------------+-------+-------+-------++-------
Melee: Dagger            |    50 |   135 |    33 ||   218
       Constrict         |    13 |    19 |     5 ||    37
       Tentacles         |     7 |    14 |     7 ||    28
 Cast: Ensorcelled Hiber |     3 |    12 |     8 ||    23
Evoke: Wand              |       |       |     1 ||     1
  Use: Scroll            |     5 |     3 |       ||     8
       Potion            |       |     1 |     5 ||     6
 Stab: Sleeping          |    12 |    35 |     3 ||    50
       Distracted        |       |     1 |       ||     1
  Eat: Chunk             |     1 |     9 |     1 ||    11
       Bread ration      |       |     1 |       ||     1
Armor: Skin              |     2 |     7 |     2 ||    11
Dodge: Dodged            |    25 |    77 |    29 ||   131

Table legend:
 A = Spawn XP
 B = Non-spawn XP
 C = Spawn XP percentage of total XP
 D = Spawn monster count
 E = Non-spawn monster count
 F = Spawn count percentage of total count
 G = Total turns spent on level
                    A         B        C        D         E        F      G
               +---------+---------+-------+---------+---------+-------+---------
         Total |       0 |     698 |   0.0 |       0 |      92 |   0.0 |  4244
               +---------+---------+-------+---------+---------+-------+---------
           D:1 |       0 |      33 |   0.0 |       0 |      18 |   0.0 |  1132
           D:2 |       0 |     368 |   0.0 |       0 |      38 |   0.0 |  1437
           D:3 |       0 |     243 |   0.0 |       0 |      27 |   0.0 |  1130
           D:4 |       0 |      54 |   0.0 |       0 |       9 |   0.0 |   545
               +---------+---------+-------+---------+---------+-------+---------
